 Dungeon Sprint DCSS version 0.30.1-9-gdf580d7c3d (webtiles) character file.

Game seed: 9051180741337923914

13402 boopmooplesden the Pulveriser (level 11, -9/112 (118) HPs)
             Began as a Minotaur Gladiator on Oct 19, 2023.
             Was the Champion of Trog.
             Mangled by an orc knight
             ... wielding a +2 battleaxe of draining
              (26 damage)
             ... in the Dungeon (Sprint IX: "|||||||||||||||||||||||||||||").
             The game lasted 00:03:11 (1824 turns).

boopmooplesden the Pulveriser (Minotaur Gladiator)  Turns: 1824, Time: 00:03:11

HP:   -9/112 (118)  AC: 19    Str: 23    XL:     11   Next: 75%
MP:   10/10         EV: 14    Int:  5    God:    Trog [******]
Gold: 1266          SH:  0    Dex: 12    Spells: 10/10 levels left

rFire   . . .        A - +3 quarterstaff (flame)
rCold   . . .        (shield currently unavailable)
rNeg    . . .        B - +0 plate armour
rPois   .            c - +0 hat
rElec   .            x - +0 cloak
rCorr   .            n - +0 pair of gloves
SInv    .            (no boots)
Will    ++...        (no amulet) Stlth
                     p - +2 ring of evasion
HPRegen 1.38/turn    q - +2 ring of protection
MPRegen 0.12/turn

%: no teleportation
@: strong-willed, on berserk cooldown, regenerating, slowed, drained, very slow
A: horns 2, retaliatory headbutt
a: Renounce Religion, Berserk, Trog's Hand, Brothers in Arms


You were in the Dungeon.
You worshipped Trog.
Trog was exalted by your worship.
You visited 1 branch You collected 1266 gold pieces.

Inventory:

Hand Weapons
 a - a +0 quarterstaff
 m - a +0 lajatang
 v - a +5 antimagic battleaxe
 w - a +1 quarterstaff
 y - a +6 broad axe
 z - a +3 quarterstaff of flaming
 A - a +3 quarterstaff of flaming (weapon)
Missiles
 d - 3 throwing nets (quivered)
 e - 6 javelins
Armour
 c - a +0 hat (worn)
 n - a +0 pair of gloves (worn)
 o - a +2 ring mail
 x - a +0 cloak (worn)
 B - a +0 plate armour (worn)
Jewellery
 p - a +2 ring of evasion (left hand)
 q - a +2 ring of protection (right hand)
Wands
 l - a wand of acid (10)
Scrolls
 k - 3 scrolls of blinking
 s - 2 scrolls of identify
 t - 2 scrolls of enchant armour
 u - 3 scrolls of fear
Potions
 f - 6 potions of curing
 g - 3 potions of heal wounds
 h - 2 potions of haste
 i - 4 potions of magic
 j - a potion of invisibility
 r - a potion of berserk rage


   Skills:
 + Level 17.8 Fighting
 + Level 22.6 Staves
 + Level 5.3 Throwing
 + Level 10.7 Armour
 + Level 15.5 Dodging
 + Level 1.7 Stealth


You had 10 spell levels left.
You didn't know any spells.
Your spell library was empty.

Dungeon Overview and Level Annotations

Branches:
Dungeon (1/1)

Altars:
Cheibriados
Dithmenos
Elyvilon
Fedhas
Gozag
Hepliaklqana
Kikubaaqudgha
Makhleb
Nemelex Xobeh
Okawaru
Qazlal
Ru
Sif Muna
Trog
Uskayaw
Vehumet
Wu Jian
Xom
Yredelemnul
Zin
The Shining One
Jiyva
Lugonu

Shops:
D (?:


Innate Abilities, Weirdness & Mutations

You have a pair of horns on your head.
You reflexively headbutt those who attack you in melee.


Message History

You hit the orc knight. You burn the orc knight.
The orc knight is heavily wounded.
The orc knight hits you with a +0 war axe.
You thump the orc knight! You burn the orc knight.
Your headbutt misses the orc knight.
The orc knight is almost dead.
The orc knight hits you but does no damage.
You bludgeon the orc knight!! You burn the orc knight.
You kill the orc knight!
Trog accepts your kill.
The orc knight no longer looks unusually strong.
An orc knight comes into view. It is wielding a +3 war axe.
The orc knight shouts!
The orc knight hits you with a +0 great mace.
Items here: $ )) [[ ††.
You hit the orc knight but do no damage.
The orc knight barely misses you.
You bludgeon the orc knight!! You burn the orc knight!
The orc knight is heavily wounded.
You hit the orc knight. You burn the orc knight.
The orc knight is severely wounded.
The orc warrior no longer looks unusually strong.
The orc knight barely misses you. You furiously retaliate!
You headbutt the orc knight! You sock the orc knight! You burn the orc knight.
You kill the orc knight!
Trog accepts your kill.
The orc knight no longer looks unusually strong.
The orc knight roars a battlecry!
The orcs go into a battle-frenzy!
Found Woeh's Book Emporium.
The orc warrior no longer looks unusually strong.
The orc knight roars a battlecry!
The orcs go into a battle-frenzy!
The orc knight hits you with a +2 battleaxe of draining!!
* * * LOW HITPOINT WARNING * * *
You feel drained.
* * * LOW HITPOINT WARNING * * *
The orc knight hits you with a +2 battleaxe of draining!!
You die...

▓▓▓▓▓▓▓▓▓▓▓▓▓▓▓▓▓▓▓▓▓▓▓▓
')))))))))[..)))@ooooo.∩
▓▓▓▓▓▓▓▓▓▓▓▓▓▓▓▓▓▓▓▓▓▓▓▓▓▓▓▓▓▓▓▓▓
.................................
▓▓▓▓▓▓▓▓▓▓▓▓▓▓▓▓▓▓▓▓▓▓▓▓▓▓▓▓▓▓▓▓▓
....÷÷..÷.....†††......!?))'..[[.
▓▓▓▓▓▓▓▓▓▓▓▓▓▓▓▓▓▓▓▓▓▓▓▓▓▓▓▓▓▓▓▓▓
.................................
▓▓▓▓▓▓▓▓▓▓▓▓▓▓▓▓▓▓▓▓▓▓▓▓▓▓▓▓▓▓▓▓▓
______________'.?).[....)))....'(


You could see 3 orc knights and 2 orc warriors.

Vanquished Creatures
  A centaur warrior (D)
  A two-headed ogre (D)
  2 boulder beetles (D)
  Urug (D)
  A skyshark (D)
  8 orc knights (D)
  An orc sorcerer (D)
  A manticore (D)
  2 cyclopes (D)
  3 komodo dragons (D)
  A polar bear (D)
  A blink frog (D)
  3 yaks (D)
  A wyvern (D)
  2 basilisks (D)
  A vampire mosquito (D)
  5 wargs (D)
  3 water moccasins (D)
  2 hell hounds (D)
  10 orc warriors (D)
  A black bear (D)
  An ice beast (D)
  A wolf (D)
  A centaur (D)
  A kobold brigand (D)
  3 bullfrogs (D)
  2 scorpions (D)
  4 orc priests (D)
  5 orc wizards (D)
  5 orcs (D)
  A bat (D)
  2 frilled lizards (D)
  2 kobolds (D)
79 creatures vanquished.

Notes
Turn   | Place    | Note
-------+----------+-------------------------------------------
     0 | D        | boopmooplesden the Minotaur Gladiator began the quest for
                  | the Orb.
     0 | D        | Reached XP level 1. HP: 18/18 MP: 0/0
     9 | D        | Reached skill level 4 in Staves
    19 | D        | Noticed a scorpion
    19 | D        | Noticed an ice beast
    19 | D        | Noticed a black bear
    19 | D        | Noticed a centaur
    19 | D        | Noticed a scorpion
    25 | D        | Killed a scorpion
    26 | D        | Reached skill level 6 in Staves
    26 | D        | Reached skill level 5 in Dodging
    26 | D        | Reached XP level 2. HP: 27/27 MP: 1/1
    26 | D        | Reached XP level 3. HP: 33/33 MP: 2/2
    31 | D        | Killed an ice beast
    32 | D        | Reached skill level 5 in Fighting
    32 | D        | Reached skill level 8 in Staves
    32 | D        | Reached skill level 1 in Armour
    32 | D        | Reached XP level 4. HP: 32/42 MP: 3/3
    32 | D        | Reached XP level 5. HP: 37/48 MP: 4/4
    36 | D        | Killed a black bear
    37 | D        | Reached skill level 10 in Staves
    39 | D        | Killed a centaur
    40 | D        | Reached XP level 6. HP: 24/58 MP: 5/5
    43 | D        | Reached skill level 11 in Staves
    48 | D        | Found a snail-covered altar of Cheibriados.
    48 | D        | Found a shadowy altar of Dithmenos.
    48 | D        | Found a white marble altar of Elyvilon.
    48 | D        | Found a blossoming altar of Fedhas.
    48 | D        | Found an opulent altar of Gozag.
    49 | D        | Found a hazy altar of Hepliaklqana.
    50 | D        | Found a viscous altar of Jiyva.
    51 | D        | Found an ancient bone altar of Kikubaaqudgha.
    52 | D        | Found a corrupted altar of Lugonu.
    53 | D        | Found a burning altar of Makhleb.
    54 | D        | Found a sparkling altar of Nemelex Xobeh.
    55 | D        | Found an iron altar of Okawaru.
    56 | D        | Found a stormy altar of Qazlal.
    57 | D        | Found a sacrificial altar of Ru.
    58 | D        | Found a shimmering blue altar of Sif Muna.
    59 | D        | Found a bloodstained altar of Trog.
    60 | D        | Found a hide-covered altar of Uskayaw.
    61 | D        | Found a radiant altar of Vehumet.
    62 | D        | Found an ornate altar of the Wu Jian Council.
    63 | D        | Found a shimmering altar of Xom.
    64 | D        | Found a basalt altar of Yredelemnul.
    65 | D        | Found a glowing silver altar of Zin.
    66 | D        | Found a glowing golden altar of the Shining One.
    67 | D        | Became a worshipper of Trog the Wrathful
   301 | D        | Noticed an orc warrior
   301 | D        | Noticed a two-headed ogre
   301 | D        | Noticed a yak
   309 | D        | Killed an orc warrior
   310 | D        | Reached skill level 12 in Staves
   313 | D        | Reached XP level 7. HP: 61/66 MP: 6/6
   321 | D        | Killed a two-headed ogre
   321 | D        | Reached * piety under Trog
   322 | D        | Reached skill level 14 in Staves
   322 | D        | Reached XP level 8. HP: 32/75 MP: 7/7
   325 | D        | Reached skill level 5 in Armour
   327 | D        | Reached ** piety under Trog
   332 | D        | Reached skill level 15 in Staves
   661 | D        | Noticed a cyclops
   661 | D        | Noticed a boulder beetle
   661 | D        | Noticed a manticore
   661 | D        | Noticed a centaur warrior
   661 | D        | Noticed a cyclops
   667 | D        | Killed a cyclops
   668 | D        | Reached skill level 5 in Throwing
   682 | D        | Killed a boulder beetle
   683 | D        | Reached skill level 10 in Fighting
   683 | D        | Reached skill level 16 in Staves
   683 | D        | Reached XP level 9. HP: 86/86 MP: 8/8
   683 | D        | Reached *** piety under Trog
   690 | D        | Killed a manticore
   691 | D        | Reached skill level 17 in Staves
   699 | D        | Killed a centaur warrior
   700 | D        | Reached skill level 18 in Staves
   702 | D        | Killed a cyclops
   993 | D        | Reached **** piety under Trog
  1000 | D        | Reached XP level 10. HP: 95/97 MP: 9/9
  1005 | D        | Reached ***** piety under Trog
  1010 | D        | Received a gift from Trog
  1016 | D        | Reached skill level 19 in Staves
  1036 | D        | Noticed a skyshark
  1045 | D        | Noticed a boulder beetle
  1060 | D        | Killed a skyshark
  1061 | D        | Reached skill level 20 in Staves
  1068 | D        | Killed a boulder beetle
  1299 | D        | Reached ****** piety under Trog
  1306 | D        | Reached XP level 11. HP: 111/111 MP: 10/10
  1308 | D        | Received a gift from Trog
  1309 | D        | Reached skill level 15 in Fighting
  1318 | D        | Reached skill level 10 in Armour
  1405 | D        | Noticed Urug
  1415 | D        | Killed Urug
  1416 | D        | Reached skill level 21 in Staves
  1416 | D        | Reached skill level 1 in Stealth
  1529 | D        | Received a gift from Trog
  1552 | D        | Received a gift from Trog
  1597 | D        | Noticed an orc knight
  1597 | D        | Noticed an orc knight
  1597 | D        | Noticed an orc sorcerer
  1602 | D        | Killed an orc knight
  1605 | D        | Received a gift from Trog
  1612 | D        | Killed an orc knight
  1613 | D        | Noticed an orc knight
  1616 | D        | Killed an orc sorcerer
  1632 | D        | Killed an orc knight
  1633 | D        | Reached skill level 15 in Dodging
  1643 | D        | Reached skill level 22 in Staves
  1643 | D        | Received a gift from Trog
  1795 | D        | Found Zuaz Uta's Weapon Emporium.
  1795 | D        | Noticed an orc knight
  1795 | D        | Noticed an orc knight
  1795 | D        | Noticed an orc knight
  1795 | D        | Noticed an orc knight
  1796 | D        | Noticed an orc knight
  1800 | D        | Killed an orc knight
  1801 | D        | Noticed an orc knight
  1807 | D        | Killed an orc knight
  1808 | D        | Found Ugyig's Magic Scroll Shoppe.
  1812 | D        | Noticed an orc knight
  1813 | D        | Killed an orc knight
  1818 | D        | Killed an orc knight
  1818 | D        | Noticed an orc knight
  1823 | D        | Killed an orc knight
  1824 | D        | Found Woeh's Book Emporium.
  1824 | D        | Mangled by an orc knight

Illustrated notes

Levels and vault maps discovered:
D:        linesprint [early_d, line_temple, items_1, d_10, items_2, lair_1,
          lair_end, items_3, orc_1, orc_end, items_4, d_15, swamp_1, shoals_1,
          snake_1, spider_1, d_20, vaults_1, items_5, swamp_end, shoals_end,
          snake_end, spider_end, vaults_end, d_27, items_6, zot_1, zot_end,
          crypt_end, forest_end, elf_end, slime_end, tomb_end, abyss_end,
          pan_hell_end]

Skill      XL: |  1  2  3  4  5  6  7  8  9 10 11 |
---------------+----------------------------------+-----
Staves         | 6 8 10 12 14 16 18 20 22 | 22.6
Fighting       | 4 5 6 7 8 10 12 14 17 | 17.8
Dodging        | 5 7 8 9 11 12 13 14 15 | 15.5
Throwing       | 3 4 5 |  5.3
Armour         | 1 2 3 4 6 8 9 10 | 10.7
Stealth        | 1 |  1.7

Action                     |  1- 3 |  4- 6 |  7- 9 | 10-12 || total
---------------------------+-------+-------+-------+-------++-------
  Melee: Quarterstaff      |    20 |    10 |       |    64 ||    94
         Headbutt          |     1 |     4 |    12 |    37 ||    54
         Lajatang          |       |    10 |    60 |   109 ||   179
 Invoke: Berserk           |       |       |     1 |     3 ||     4
         Trog's Hand       |       |       |       |     2 ||     2
    Use: Potion            |     1 |       |     2 |       ||     3
 Armour: Leather armour    |     5 |     2 |       |       ||     7
         Ring mail         |       |     1 |    18 |    20 ||    39
         Plate armour      |       |       |       |     1 ||     1
  Dodge: Dodged            |     6 |    13 |    40 |    82 ||   141
